 Dungeon Crawl Stone Soup version 0.22-a0-284-g99d1f74 (webtiles) character file.

313 Gildeon the Magician (level 5, -2/38 HPs)
             Began as a Demigod Conjurer on Mar 20, 2018.
             Slain by Eustachio
             ... wielding a +2 falchion of electrocution
              (9 damage)
             ... on level 4 of the Dungeon.
             The game lasted 00:27:10 (4270 turns).

Gildeon the Magician (Demigod Conjurer)             Turns: 4270, Time: 00:27:12

Health: -2/38      AC:  4    Str: 11    XL:     5   Next: 98%
Magic:  1/15       EV: 12    Int: 21    God:
Gold:   112        SH:  0    Dex: 16    Spells: 0/14 levels left

rFire    . . .     SeeInvis .   b - +0 spear (pierce)
rCold    . . .     Gourm    .   (no shield)
rNeg     . . .     Faith    .   a - +1 robe
rPois    .         Spirit   .   g - +0 helmet (curse)
rElec    .         Reflect  .   (no cloak)
rCorr    .         Harm     .   (no gloves)
MR       .....                  (no boots)
Stlth    ++........             (no amulet)
HPRegen  0.12/turn              (no ring)
MPRegen  0.14/turn              (no ring)

@: no status effects
A: high mp 1
a: no special abilities


You were on level 4 of the Dungeon.
You were not hungry.

You visited 1 branch of the dungeon, and saw 4 of its levels.

You collected 112 gold pieces.

Inventory:

Hand Weapons
 b - a +0 spear of piercing (weapon)
Armour
 a - a +1 robe (worn)
 g - a cursed +0 helmet (worn)
Scrolls
 i - a scroll of remove curse
Potions
 d - a potion of flight {unknown}
 e - a potion of invisibility
 f - 3 potions of degeneration {unknown}
 h - a potion of curing
Comestibles
 c - 12 rations


   Skills:
 - Level 1.7 Dodging
 - Level 1.7 Stealth
 - Level 5.0 Spellcasting
 + Level 4.4 Conjurations


You couldn't memorise any spells.
You knew the following spells:

 Your Spells              Type           Power        Failure   Level  Hunger
a - Magic Dart            Conj           ###.         1%          1    None
b - Searing Ray           Conj           ###...       2%          2    None
c - Dazzling Spray        Conj/Hex       ##....       13%         3    ##.....
d - Iskenderun's Mystic   Conj           ###.....     17%         4    ####...
e - Force Lance           Conj/Tloc      ##......     41%         4    ####...


Dungeon Overview and Level Annotations

Branches:
Dungeon (4/15)
 Temple: D:4-7

Annotations:
D:4 Azzok's ghost, novice GrEE; Eustachio


Innate Abilities, Weirdness & Mutations

You have an increased reservoir of magic. (+10% MP)


Message History

Eustachio hits you with a falchion of electrocution.
The river rat misses you.
You hit Eustachio but do no damage.
Eustachio is severely wounded.
Eustachio hits you but does no damage. The river rat closely misses you.
You hit Eustachio but do no damage.
Eustachio is severely wounded.
Eustachio barely misses you. The river rat barely misses you.
You miss Eustachio.
Eustachio is severely wounded.
The river rat closely misses you.
Eustachio screams, "This atrocity can only be purified with blood!"
Eustachio hits you with a falchion of electrocution.
You miss Eustachio.
Eustachio is severely wounded.
The river rat bites you.
Eustachio hits you with a falchion of electrocution!
* * * LOW HITPOINT WARNING * * *
You are electrocuted!
You die...

#.### #..
#.### # #. >#
#.#######.#
#.........#
#......[..###
#.....@......
#....@r....?#
##........#.#
##<#######
#........
.......##
#.......#
.........#
#.........#
#.#######.#


You could see Eustachio and a river rat.

Vanquished Creatures
  Natasha (thrice) (D:2)
  Terence (D:2)
  2 orc wizards (D:3)
  Robin (D:2)
  5 adders
  A worm (D:3)
  A leopard gecko (D:2)
  9 orcs (D:3)
  2 ball pythons
  9 bats
  6 giant cockroaches
  18 goblins
  10 hobgoblins
  7 kobolds
  A quokka (D:2)
  9 frilled lizards
  A leopard gecko skeleton (D:2)
  A quokka skeleton (D:4)
  11 rats
98 creatures vanquished.

Notes
Turn   | Place    | Note
-------+----------+-------------------------------------------
     0 | D:1      | Gildeon the Demigod Conjurer began the quest for the Orb.
     0 | D:1      | Reached XP level 1. HP: 14/14 MP: 5/5
    60 | D:1      | Reached skill level 2 in Spellcasting
   296 | D:1      | Reached XP level 2. HP: 20/20 MP: 5/8
   380 | D:1      | Learned a level 2 spell: Searing Ray
   755 | D:1      | Reached skill level 3 in Spellcasting
  1026 | D:3      | Reached XP level 3. HP: 26/26 MP: 3/10
  1180 | D:2      | Noticed Terence
  1191 | D:2      | Killed Terence
  1371 | D:2      | Learned a level 3 spell: Dazzling Spray
  1372 | D:2      | Noticed Natasha
  1387 | D:2      | Killed Natasha
  1387 | D:2      | Reached skill level 4 in Spellcasting
  1387 | D:2      | Reached XP level 4. HP: 19/33 MP: 8/13
  1432 | D:2      | Noticed Natasha
  1435 | D:2      | Killed Natasha
  1605 | D:2      | Learned a level 4 spell: Iskenderun's Mystic Blast
  1846 | D:2      | Noticed Natasha
  1852 | D:2      | Killed Natasha
  1878 | D:2      | Found a radiant altar of Vehumet.
  1886 | D:2      | Reached XP level 5. HP: 38/38 MP: 12/15
  1888 | D:2      | Found a burning altar of Makhleb.
  2353 | D:2      | Noticed Robin
  2394 | D:2      | Killed Robin
  2394 | D:2      | Reached skill level 5 in Spellcasting
  2789 | D:3      | Learned a level 4 spell: Force Lance
  2816 | D:4      | Noticed Azzok's ghost (novice GrEE)
  3442 | D:4      | Noticed Eustachio
  4270 | D:4      | Slain by Eustachio

Vault maps used:
D:1:      lordsloth_arrival_two_stooges, hangedman_feature_mirror,
          minmay_fountain_box
D:2:      kennysheep_six_static_rooms, amethyst_overflow_temple_binary,
          first_ration, uniq_robin, uniq_natasha, uniq_terence
D:3:      hangedman_decor_clover_reticule
D:4:      uniq_duvessa, uniq_eustachio

Skill      XL: |  1  2  3  4  5 |
---------------+----------------+-----
Spellcasting   | 2 3 4 5 |  5.0
Conjurations   | 4 |  4.4
Dodging        | |  1.7
Stealth        | |  1.7

Action                   |  1- 3 |  4- 6 || total
-------------------------+-------+-------++-------
Melee: Club              |     7 |       ||     7
       Spear             |     1 |    45 ||    46
 Cast: Magic Dart        |    54 |    97 ||   151
       Searing Ray       |     4 |    12 ||    16
       Dazzling Spray    |       |     1 ||     1
  Use: Scroll            |     7 |     3 ||    10
       Potion            |       |     2 ||     2
 Stab: Sleeping          |     1 |       ||     1
  Eat: Ration            |     1 |     1 ||     2
       Chunk             |       |     6 ||     6
Armor: Robe              |     9 |    24 ||    33
Dodge: Dodged            |    27 |    71 ||    98

Table legend:
 A = Spawn XP
 B = Non-spawn XP
 C = Spawn XP percentage of total XP
 D = Spawn monster count
 E = Non-spawn monster count
 F = Spawn count percentage of total count
 G = Total turns spent on level
                    A         B        C        D         E        F      G
               +---------+---------+-------+---------+---------+-------+---------
         Total |       0 |     448 |   0.0 |       0 |      98 |   0.0 |  4270
               +---------+---------+-------+---------+---------+-------+---------
           D:1 |       0 |      38 |   0.0 |       0 |      23 |   0.0 |   862
           D:2 |       0 |     259 |   0.0 |       0 |      45 |   0.0 |  1883
           D:3 |       0 |     150 |   0.0 |       0 |      29 |   0.0 |  1482
           D:4 |       0 |       1 |   0.0 |       0 |       1 |   0.0 |    43
               +---------+---------+-------+---------+---------+-------+---------
